Map: Ulrena

Players

Fropez

  • Race: Protoss Protoss
  • League: Silver
  • Spawn Location: 7:00

Zakolopochtl - Winner!

  • Race: Terran Terran
  • League: Silver
  • Spawn Location: 11:00

VOD

Have the link to the VOD?

Description

Time

  • Played on: May 13, 2016, 9:52 a.m.
  • Length: 15:08
Show
View Real Time Build Order
Export as new Build Order

Fropez Protoss 

Build Orders:  

Get SALT Encoding   

  12  0:01  Probe (Chrono Boost)  
  13  0:19  Pylon  
  13  0:21  Probe (Chrono Boost)  
  14  0:26  Assimilator  
  14  0:42  Gateway  
  14  0:51  Pylon  
  14  0:57  Assimilator  
  14  1:02  Probe (Chrono Boost)  
  15  1:11  Pylon  
  15  1:31  Cybernetics Core  
  15  1:37  Probe (Chrono Boost)  
  16  1:53  Pylon  
  17  1:54  Probe (Chrono Boost)  
  17  2:08  Warp Gate (Chrono Boost), Mothership Core (Chrono Boost)  
  19  2:19  Adept  
  21  2:33  Probe (Chrono Boost)  
  22  2:44  Probe (Chrono Boost)  
  22  2:46  Adept  
  25  2:59  Probe (Chrono Boost)  
  26  3:10  Pylon, Probe  
  27  3:27  Probe  
  27  3:40  Gateway  
  27  3:53  Probe  
  28  4:08  Probe  
  25  4:26  Adept  
  25  4:27  Nexus  
  25  4:31  Assimilator  
  27  4:33  Assimilator  
  27  4:34  Pylon  
  27  4:51  Adept x2  
  31  5:00  Pylon  
  31  5:01  Probe  
  31  5:03  Pylon  
  32  5:11  Gateway  
  32  5:16  Adept  
  32  5:20  Adept  
  36  5:23  Probe  
  37  6:06  Adept x2  
  37  6:09  Probe  
  37  6:10  Probe  
  43  6:38  Robotics Facility  
  43  6:43  Gateway  
  43  6:44  Pylon  
  43  6:48  Adept x3  
  49  7:03  Probe  
  49  7:04  Probe  
  51  7:12  Forge  
  51  7:13  Probe  
  51  7:14  Adept x3  
  58  7:21  Probe  
  59  7:28  Pylon  
  53  8:03  Immortal (Chrono Boost)  
  39  8:11  Adept x3  
  39  8:12  Adept  
  51  8:16  Protoss Ground Weapons Level 1 (Chrono Boost)  
  51  8:37  Pylon, Immortal  
  51  8:40  Sentry x2  
  51  8:41  Sentry  
  57  8:42  Sentry  
  63  9:11  Immortal  
  63  9:16  Sentry x4  
  69  9:55  Adept x4  
  77  10:00  Protoss Ground Armor Level 1 (Chrono Boost)  
  77  10:07  Twilight Council  
  77  10:16  Immortal  
  77  10:23  Photon Cannon  
  77  10:24  Adept x3  
  87  10:29  Photon Cannon  
  87  10:31  Adept  
  89  10:36  Probe  
  89  10:37  Probe  
  91  10:50  Warp Prism  
  93  11:24  Observer  
  74  11:35  Probe  
  74  11:36  Probe  
  74  11:37  Adept x4  
  84  11:49  Probe x2  
  76  12:01  Probe x2  
  63  12:13  Probe  
  63  12:14  Probe  
  61  12:26  Zealot x4  
  61  12:53  Resonating Glaives (Chrono Boost)  
  61  12:57  Probe x2  
  63  12:59  Immortal  
  67  13:09  Probe x2  
  69  13:19  Nexus  
  69  13:22  Assimilator  
  69  13:26  Assimilator  
  69  13:29  Pylon  
  69  13:32  Pylon  
  69  13:36  Immortal  
  73  13:53  Probe  
  74  13:55  Probe  
  75  14:05  Probe  
  76  14:22  Photon Cannon  
  76  14:28  Pylon  
  76  14:33  Adept x4  
Show
View Real Time Build Order
Export as new Build Order

Zakolopochtl Terran - Winner!

Build Orders: Reaper Expand 

Get SALT Encoding   

  12  0:02  SCV  
  13  0:14  SCV  
  13  0:19  Supply Depot  
  14  0:25  Refinery  
  14  0:29  SCV  
  15  0:45  Barracks  
  15  1:25  SCV, Command Center  
  15  1:32  Reaper  
  17  1:42  SCV  
  18  1:54  Orbital Command  
  18  2:04  Factory  
  18  2:09  Marine  
  19  2:23  Supply Depot  
  19  2:28  Marine  
  20  2:46  Marine  
  21  2:52  Factory Tech Lab  
  19  3:04  SCV  
  20  3:06  Marine  
  21  3:16  SCV  
  22  3:27  Marine  
  22  3:28  Siege Tank  
  26  3:38  SCV  
  26  3:39  Starport, Barracks  
  27  3:44  Marine  
  24  4:10  Siege Tank  
  24  4:16  Marine  
  28  4:23  SCV  
  29  4:31  Marine, Refinery  
  29  4:34  Marine  
  29  4:35  SCV  
  32  4:44  Starport Reactor  
  32  4:46  Barracks  
  32  4:47  SCV  
  32  4:51  Barracks  
  34  5:00  SCV  
  34  5:07  Marine  
  35  5:17  Barracks Tech Lab  
  35  5:20  SCV  
  36  5:25  Marine  
  36  5:26  Medivac  
  39  5:32  SCV  
  40  5:37  Marine  
  41  5:43  Marine  
  41  5:44  SCV  
  41  5:47  Marine x2  
  45  5:55  Marine  
  46  6:01  Supply Depot  
  46  6:02  Supply Depot  
  46  6:03  Supply Depot, Engineering Bay  
  46  6:14  Barracks Tech Lab  
  46  6:23  Siege Tank, SCV  
  46  6:24  Supply Depot  
  50  6:26  Barracks Reactor, Barracks Tech Lab  
  50  6:37  Hi-Sec Auto Tracking  
  50  6:47  Planetary Fortress  
  50  6:52  Refinery  
  50  6:55  Marauder x2, Refinery  
  50  6:56  Marine  
  55  7:10  Combat Shields  
  55  7:13  Marine  
  55  7:44  Marine x5  
  55  7:50  Command Center  
  54  8:01  Marine  
  54  8:02  Marine x2  
  55  8:11  SCV  
  56  8:24  SCV  
  57  8:30  SCV  
  58  8:36  SCV  
  59  8:41  Marine x2  
  59  8:42  Marine x3, SCV  
  65  8:59  Marine x3  
  65  9:10  Marine x2  
  67  9:17  Marine x3  
  70  9:28  Marine x2  
  63  9:54  Medivac  
  63  9:55  Medivac  
  63  9:56  Siege Tank  
  70  10:03  Marine x5  
  75  10:20  Marine  
  75  10:21  Marine x4  
  78  10:23  Stimpack  
  78  10:27  Terran Infantry Weapons Level 1  
  80  10:32  SCV  
  81  10:39  Marauder x3  
  87  11:00  Marine x2, Marauder  
  87  11:01  Marauder  
  93  11:17  Marauder  
  93  11:18  Marine x2  
  91  11:21  Marine x2  
  87  11:38  Marine  
  88  11:52  Marine x3  
  88  11:53  Marine  
  90  11:55  Marine  
  73  12:10  Marine x4  
  69  12:21  Marine  
  69  12:28  Marine x4  
  68  12:38  Marine, Orbital Command  
  71  12:51  Siege Tank  
  71  12:59  SCV  
  71  13:00  Planetary Fortress  
  72  13:07  Medivac x2  
  72  13:10  Marauder  
  72  13:11  SCV, Marauder x2  
  83  13:18  SCV  
  84  13:23  Siege Tank, SCV  
  88  13:30  SCV  
  88  13:32  Marauder x2  
  93  13:35  Missile Turret  
  93  13:55  Missile Turret  
  93  14:09  Concussive Shells  
  93  14:18  Missile Turret  
  93  14:26  Supply Depot x2  
  93  14:28  Supply Depot x2  
  93  14:30  Supply Depot  
  93  14:48  SCV x2  
Tags
 
Matchup
PvT
Replay Pack
All Mines
Spawn Locations
Close Positions
Add a new tag
Caveats
  • Supply blocks, unpowered buildings, or Contaminate may cause inaccurate times.
  • Supply counts are checked every 10 seconds.